 Dungeon Crawl Stone Soup version 0.30.1-4-g462c640d31 (webtiles) character file.

Game seed: 1440597448398718292

140 growler the Trooper (level 5, 44/44 HPs)
             Began as a Demonspawn Gladiator on Aug 12, 2023.
             Quit the game on level 3 of the Dungeon.
             The game lasted 00:03:31 (2395 turns).

growler the Trooper (Demonspawn Gladiator)          Turns: 2395, Time: 00:03:32

Health: 44/44      AC:  5    Str: 14    XL:     5   Next: 2%
Magic:  5/5        EV: 12    Int: 12    God:
Gold:   139        SH:  4    Dex: 14    Spells: 4/4 levels left

rFire   . . .        a - +0 flail
rCold   . . .        (no shield)
rNeg    . . .        b - +0 leather armour
rPois   .            c - +0 helmet
rElec   .            l - +0 cloak
rCorr   .            (no gloves)
SInv    .            (no boots)
Will    .....        (no amulet)
Stlth   +            (no ring)
HPRegen 0.27/turn    (no ring)
MPRegen 0.09/turn

%: no passive effects
@: no status effects
A: large bone plates 1, demonic magic 1, demonic touch 1
a: no special abilities


You were on level 3 of the Dungeon.
You visited 1 branch of the dungeon, and saw 3 of its levels.

You collected 139 gold pieces.

Inventory:

Hand Weapons
 a - a +0 flail (weapon)
Missiles
 d - 3 throwing nets (quivered)
 e - a javelin
Armour
 b - a +0 leather armour (worn)
 c - a +0 helmet (worn)
 l - a +0 cloak (worn)
Jewellery
 m - a ring of protection from cold
Scrolls
 f - 2 scrolls of blinking {unknown}
 g - a scroll of enchant armour {unknown}
 i - 5 scrolls of identify {unknown}
 k - a scroll of poison {unknown}
 o - a scroll of fog {unknown}
 p - a scroll of enchant weapon {unknown}
Potions
 h - 2 potions of curing {unknown}
 j - a potion of might {unknown}
 n - 4 potions of heal wounds {unknown}


   Skills:
 + Level 5.2 Fighting
 - Level 2.6 Maces & Flails
 - Level 1.7 Throwing
 - Level 2.6 Dodging


You had 4 spell levels left.
You didn't know any spells.
Your spell library contained the following spells:

 Spells                   Type           Power      Damage    Failure   Level
 Passwall                 Tmut/Erth      0%         N/A       54%         2
 Sublimation of Blood     Necr           0%         N/A       54%         2
 Wereblood                Tmut           0%         N/A       54%         2
 Stone Arrow              Conj/Erth      0%         3d7       77%         3
 Borgnjor's Vile Clutch   Necr/Erth      0%         N/A       100%        5
 Summon Hydra             Summ           0%         N/A       100%        7
 Shatter                  Erth           0%         3d5*      100%        9


Dungeon Overview and Level Annotations

Branches:
Dungeon (3/15)

Altars:
Kikubaaqudgha


Innate Abilities, Weirdness & Mutations

You are partially covered in large bone plates. (SH +4)
Spells you cast may paralyse adjacent enemies.
Your touch may inflict minor irresistible damage on your foes.


Message History

The quokka bites you but does no damage.
You closely miss the quokka. The quokka completely misses you.
You closely miss the quokka. The quokka misses you.
The quokka closely misses you.
You barely miss the quokka. The quokka misses you.
You miss the quokka.
The quokka bites you but does no damage.
The quokka closely misses you.
You hit the quokka. Your touch misses the quokka.
The quokka is heavily wounded.
The quokka closely misses you.
A jackal comes into view.
You sock the quokka!
You kill the quokka!
The bat misses you. You block the bat's attack.
You hit the bat but do no damage. Your touch misses the bat.
The bat hits you but does no damage. x2; The bat misses you.
You miss the bat.
You touch the bat.
You kill the bat!
You have reached level 5!
Your demonic ancestry asserts itself...
A menacing aura infuses your magic.
You barely miss the jackal.
The jackal bites you but does no damage.
You closely miss the jackal.
The jackal pauses to sniff the ground.
The jackal closely misses you. x2
You miss the jackal. Your touch misses the jackal.
The jackal closely misses you.
You sock the jackal!
You kill the jackal!
The jackal barely misses you.
You sock the jackal!
You kill the jackal!
No target in view!
Items here: ) [ ††††.
An endoplasm comes into view.
The endoplasm moves out of view.
Found a trident.
Are you sure you want to abandon this character and quit the game? (Confirm with "yes".)

#.# # ......) #.# #
....... #.# # .......
#.# # ....... #.# #
....... #.# # .......
#.########
.......########.#......'
.......@.)..†...#.######
#################.#.....
#.#.#### #.#.....
#.###### #.......
#######. #. #.


There were no monsters in sight!

Vanquished Creatures
  An orc wizard (D:3)
  Terence (D:3)
  2 adders (D:3)
  A worm (D:2)
  4 orcs (D:3)
  2 endoplasms
  2 giant cockroaches
  7 goblins
  5 hobgoblins
  11 jackals
  7 quokkas
  6 ball pythons
  4 bats
  2 frilled lizards (D:1)
  6 kobolds
  2 rats
63 creatures vanquished.

Vanquished Creatures (others)
  A human (D:3)
1 creature vanquished.

Grand Total: 64 creatures vanquished

Notes
Turn   | Place    | Note
-------+----------+-------------------------------------------
     0 | D:1      | growler the Demonspawn Gladiator began the quest for the
                  | Orb.
     0 | D:1      | Reached XP level 1. HP: 16/16 MP: 1/1
   244 | D:1      | Gained mutation: You are partially covered in large bone
                  | plates. (SH +4) [demonic ancestry]
   244 | D:1      | Reached XP level 2. HP: 23/23 MP: 2/2
   384 | D:1      | Reached skill level 3 in Fighting
  1080 | D:2      | Reached XP level 3. HP: 29/29 MP: 3/3
  1162 | D:2      | Got the Lectures on Metal
  1828 | D:3      | Reached skill level 4 in Fighting
  1828 | D:3      | Gained mutation: Your touch may inflict minor irresistible
                  | damage on your foes. [demonic ancestry]
  1828 | D:3      | Reached XP level 4. HP: 32/38 MP: 4/4
  2065 | D:3      | Noticed Terence
  2084 | D:3      | Killed Terence
  2188 | D:3      | Reached skill level 5 in Fighting
  2238 | D:3      | Found an ancient bone altar of Kikubaaqudgha.
  2239 | D:3      | Noticed a human
  2242 | D:3      | Killed a human
  2378 | D:3      | Gained mutation: Spells you cast may paralyse adjacent
                  | enemies. [demonic ancestry]
  2378 | D:3      | Reached XP level 5. HP: 39/44 MP: 5/5
  2395 | D:3      | Quit the game

Illustrated notes

Levels and vault maps discovered:
D:1:      psy_arrival_heroes, layout_loops_ring
D:2:      layout_basic
D:3:      layout_basic, tgw_kikubaaqudgha, uniq_robin, uniq_terence

Skill      XL: |  1  2  3  4 |
---------------+-------------+-----
Fighting       | 3 4 5 |  5.2
Maces & Flails | |  2.6
Throwing       | |  1.7
Dodging        | |  2.6

Action                     |  1- 3 |  4- 6 || total
---------------------------+-------+-------++-------
  Melee: Flail             |   123 |    75 ||   198
         Touch             |       |     9 ||     9
 Armour: Leather armour    |    47 |    37 ||    84
  Dodge: Dodged            |    77 |    46 ||   123
  Block: Other             |    16 |    13 ||    29
